 Dungeon Crawl Stone Soup version 0.25.1-1-g288607f (webtiles) character file.

Game seed: 3438779992109300788

61 Jonnyslop the Grave Robber (level 3, 0/28 HPs)
             Began as a Deep Dwarf Necromancer on Nov 14, 2020.
             Slain by Natasha (5 damage)
             ... on level 2 of the Dungeon.
             The game lasted 00:04:29 (1261 turns).

Jonnyslop the Grave Robber (Deep Dwarf Necromancer) Turns: 1261, Time: 00:04:30

Health: 0/28       AC:  4    Str: 11    XL:     3   Next: 83%
Magic:  7/7        EV: 12    Int: 16    God:
Gold:   39         SH:  0    Dex: 13    Spells: 3/8 levels left

rFire    . . .     SeeInvis .   j - +2 dagger (vamp)
rCold    . . .     Gourm    .   (no shield)
rNeg     . . .     Faith    .   a - +0 robe
rPois    .         Spirit   .   h - +1 helmet
rElec    .         Reflect  .   (no cloak)
rCorr    .         Harm     .   (no gloves)
MR       .....                  (no boots)
Stlth    ++........             i - amulet of the acrobat
HPRegen  0.00/turn              (no ring)
MPRegen  0.10/turn              (no ring)

@: non-regenerating
A: damage resistance, heal wounds, sense surroundings 1, no regeneration
a: Heal Wounds


You were on level 2 of the Dungeon.
You were not hungry.

You visited 1 branch of the dungeon, and saw 2 of its levels.

You collected 39 gold pieces.

Inventory:

Hand Weapons
 j - a +2 vampiric dagger (weapon)
Armour
 a - a +0 robe (worn)
 h - a +1 helmet (worn)
Jewellery
 i - an amulet of the acrobat (around neck)
Scrolls
 d - a scroll of noise {unknown}
 f - a scroll of remove curse
Potions
 b - 3 potions of degeneration {unknown}
 e - 2 potions of lignification {unknown}
Comestibles
 c - a ration
 g - 8 chunks of flesh


   Skills:
 - Level 2.1 Dodging
 - Level 2.4 Stealth
 * Level 3.1 Spellcasting
 + Level 5.0 Necromancy


You had 3 spell levels left.
You knew the following spells:

 Your Spells              Type           Power        Failure   Level  Hunger
a - Pain                  Necr           ###.         2%          1    #......
b - Animate Skeleton      Necr           N/A          2%          1    #......
c - Vampiric Draining     Necr           ###.......   7%          3    ###....

Your spell library contained the following spells:

 Spells                   Type           Power        Failure   Level  Hunger
 Animate Dead             Necr           N/A          24%         4    #####..
 Agony                    Necr           ###.....     54%         5    ######.


Dungeon Overview and Level Annotations

Branches:
Dungeon (2/15)

Altars:
Okawaru

Annotations:
D:2 Natasha


Innate Abilities, Weirdness & Mutations

You are resistant to damage.
You can heal yourself by infusing magical energy.
You passively map a small area around you.
You do not regenerate.


Message History

Natasha is lightly wounded.
Natasha closely misses you.
You hit Natasha.
You feel better.
Natasha is lightly wounded.
Natasha closely misses you.
You closely miss Natasha.
Natasha is lightly wounded.
Natasha claws you.
You closely miss Natasha.
Natasha is lightly wounded.
Natasha claws you!
* * * LOW HITPOINT WARNING * * *
You hit Natasha.
You feel better.
Natasha is moderately wounded.
Natasha claws you.
* * * LOW HITPOINT WARNING * * *
You closely miss Natasha.
Natasha is moderately wounded.
Natasha claws you!
You die...

#.# , #.# ############
....... #.#.............#
....... #.#.###########.##
....... #.#.#########.....
..g.h.. #.#.##..........#.
.......,#.#.##..........#.
.....h. #@#.##..........#.
.......##h#.#########'#.##
..........................
,
.#....#...#.#######...#.#.
..#.# #...#.# #.#.#.#( # *
#...#.# ##.....#( ⌠
#.....#.######...#.... ,
,#.#...#.#.......###... ,
,#.#...#.#.##..........


You could see Natasha.

Vanquished Creatures
  Robin (D:2)
  An ooze (D:1)
  A dart slug (D:1)
  A giant cockroach (D:2)
  13 goblins
  11 hobgoblins
  3 jackals (D:1)
  A bat (D:1)
  3 frilled lizards
  A kobold (D:1)
  A rat (D:1)
37 creatures vanquished.

Vanquished Creatures (collateral kills)
  A hobgoblin (D:1)
1 creature vanquished.

Grand Total: 38 creatures vanquished

Notes
Turn   | Place    | Note
-------+----------+-------------------------------------------
     0 | D:1      | Jonnyslop the Deep Dwarf Necromancer began the quest for
                  | the Orb.
     0 | D:1      | Reached XP level 1. HP: 15/15 MP: 3/3
   196 | D:1      | Learned a level 1 spell: Animate Skeleton
   269 | D:1      | Reached XP level 2. HP: 19/22 MP: 0/5
   759 | D:1      | Reached XP level 3. HP: 15/28 MP: 3/6
   764 | D:1      | Learned a level 3 spell: Vampiric Draining
  1018 | D:2      | Found an iron altar of Okawaru.
  1035 | D:2      | Noticed Robin
  1048 | D:2      | Killed Robin
  1154 | D:1      | Reached skill level 5 in Necromancy
  1240 | D:2      | Noticed Natasha
  1261 | D:2      | Slain by Natasha

Illustrated notes

Levels and vault maps discovered:
D:1:      dpeg_arrival_rhombi, layout_rooms
D:2:      layout_basic, marbit_many_paths, okawaru_ov_weapons_minmay,
          kennysheep_doodads, minmay_misc_feat_enclosed,
          kennysheep_generic_room_10, uniq_robin, uniq_natasha,
          uniq_crazy_yiuf_cottage

Skill      XL: |  1  2  3 |
---------------+----------+-----
Spellcasting   | 2 3 |  3.1
Necromancy     | 5 |  5.0
Dodging        | |  2.1
Stealth        | |  2.4

Action                   || total
-------------------------++-------
Melee: Dagger            ||    59
 Cast: Pain              ||    49
       Animate Skeleton  ||     8
  Use: Scroll            ||     1
  Eat: Chunk             ||     2
Armor: Robe              ||    18
Dodge: Dodged            ||    49
